 Dungeon Crawl Stone Soup version 0.30.0-10-gfe55d96785 (webtiles) character file.

Game seed: 18203450764641228132

12219 hito the Transmogrifier (level 11, -36/121 HPs)
             Began as a Green Draconian Transmuter on May 13, 2023.
             Was a Believer of Cheibriados.
             Killed from afar by a lindwurm (52 damage)
             ... with a blast of flame
             ... on level 1 of the Lair of Beasts.
             The game lasted 00:28:53 (9303 turns).

hito the Transmogrifier (DrTm)                      Turns: 9303, Time: 00:28:58

Health: -36/121    AC: 13    Str: 18    XL:     11   Next: 59%
Magic:  13/17      EV: 13    Int: 26    God:    Cheibriados [**....]
Gold:   525        SH:  0    Dex: 19    Spells: 8/18 levels left

rFire   x .          .
                       - Unarmed
rCold   + + +        (shield currently unavailable)
rNeg    . . .        (body armour unavailable)
rPois   +            (helmet currently unavailable)
rElec   .            l - melded +2 cloak
rCorr   .            (gloves currently unavailable)
SInv    .            D - melded +0 pair of boots
Will    .....        (no amulet)
Stlth   ++           b - +4 ring of protection
HPRegen 0.40/turn    h - +6 ring of intelligence
MPRegen 0.15/turn

%: no passive effects
@: ice-form, wereblooded, very slow
A: freezing attack, amphibious, boosted hp, (breathe noxious fumes), AC +7,
large, unfitting armour, (poison resistance), (cold-blooded)
a: End Transformation, Renounce Religion, Bend Time


You were on level 1 of the Lair of Beasts.
You worshipped Cheibriados.
Cheibriados was pleased with you.
You were a creature of crystalline ice.
You visited 3 branches of the dungeon, and saw 10 of its levels.
You also visited: Sewer and Ossuary.

You collected 525 gold pieces.

Inventory:

Missiles
 k - a throwing net
 m - 19 poisoned darts
 n - 3 curare-tipped darts
Armour
 l - a +2 cloak (melded)
 D - a +0 pair of boots (melded)
Jewellery
 b - a +4 ring of protection (left front paw)
 h - a +6 ring of intelligence (right front paw)
 o - a ring of flight
 q - the ring of Xom's Amusement {*Slow rF+ Str+6 Dex+4}
   (You found it in an ossuary)

   [ring of strength]

   Str:       It affects your strength (+6).
   Dex:       It affects your dexterity (+4).
   rF:        It protects you from fire.
   *Slow:     It may slow you when you take damage.
Wands
 C - a wand of flame (40)
 F - a wand of paralysis (12)
 G - a wand of light (11)
 H - a wand of roots (9)
 J - a wand of mindburst (2)
Scrolls
 f - 2 scrolls of blinking
 i - 2 scrolls of enchant weapon
 j - a scroll of fog
 p - a scroll of brand weapon
 s - 2 scrolls of amnesia
 t - a scroll of immolation
 y - a scroll of fear
 A - 2 scrolls of enchant armour
 B - a scroll of silence
 E - 2 scrolls of magic mapping
 I - a scroll of poison
Potions
 a - 4 potions of lignification
 c - 2 potions of brilliance
 d - 4 potions of might
 e - 6 potions of heal wounds
 g - 10 potions of curing
 r - 2 potions of invisibility
 u - a potion of berserk rage {unknown}
 v - a potion of magic {unknown}
 w - 3 potions of resistance {unknown}
 x - 2 potions of flight
 z - 3 potions of mutation {unknown}


   Skills:
 + Level 10.6 Fighting
 - Level 6.0 Dodging
 + Level 9.5 Unarmed Combat
 - Level 4.0 Spellcasting
 - Level 11.0 Transmutations
 - Level 2.0 Ice Magic
 - Level 3.6 Poison Magic
 - Level 4.0 Invocations
 - Level 4.0 Evocations


You had 8 spell levels left.
You knew the following spells:

 Your Spells              Type           Power      Damage    Failure   Level
a - Beastly Appendage     Tmut           100%       N/A       1%          1
b - Wereblood             Tmut           58%        N/A       1%          2
c - Spider Form           Tmut/Pois      43%        N/A       1%          3
d - Ice Form              Ice/Tmut       39%        N/A       6%          4

Your spell library contained the following spells:

 Spells                   Type           Power      Damage    Failure   Level
 Passwall                 Tmut/Erth      27%        N/A       1%          2
 Necrotise                Necr           20%        1d5       9%          1
 Ensorcelled Hibernation  Hex/Ice        20%        N/A       9%          2
 Inner Flame              Hex/Fire       5%         N/A       26%         3
 Stone Arrow              Conj/Erth      10%        3d7       26%         3
 Summon Guardian Golem    Hex/Summ       5%         N/A       26%         3
 Swiftness                Air            5%         N/A       26%         3
 Vampiric Draining        Necr           5%         2d6       26%         3
 Flame Wave               Conj/Fire      5%         2d5       63%         4
 Sticky Flame             Conj/Fire      5%         2d3       63%         4
 Agony                    Necr           5%         N/A       93%         5
 Fireball                 Conj/Fire      2%         3d4       93%         5
 Iskenderun's Battlesphe  Conj           5%         2d6       93%         5
 Conjure Ball Lightning   Conj/Air       2%         3x3d6     100%        6
 Iron Shot                Conj/Erth      2%         9d2       100%        6
 Orb of Destruction       Conj           2%         9d5       100%        7
 Spellforged Servitor     Conj/Summ      2%         N/A       100%        7
 Lehudib's Crystal Spear  Conj/Erth      2%         10d2      100%        8
 Animate Armour           Summ/Erth      Unusable   N/A       N/A         4

Dungeon Overview and Level Annotations

Branches:
Dungeon (8/15)             Temple (1/1) D:7            Lair (1/5) D:8
  Sewer (visited)         Ossuary (visited)

Altars:
Cheibriados
Dithmenos
Hepliaklqana
Okawaru
Qazlal
Ru
Uskayaw
Vehumet
Wu Jian
Xom
Zin

Shops:
D:2 (


Innate Abilities, Weirdness & Mutations

You are a creature of crystalline ice.
You have a powerful freezing melee attack.
You are amphibious.
Your maximum health is increased.
Your armour is entirely melded.
You are incapable of wielding weapons or throwing items.
((You can breathe blasts of noxious fumes.))
((Your lurid green scales are hard. (AC +7)))
You cannot fit into any form of body armour.
((Your system is resistant to poisons. (rPois)))
((You are cold-blooded and may be slowed by cold attacks.))


Message History

The lindwurm claws you but does no damage. x2
The yak gores you!
You punch the lindwurm! You freeze the lindwurm.
The lindwurm is moderately wounded.
The yak barely misses you. The lindwurm barely misses you.
The lindwurm claws you but does no damage.
The lindwurm claws you.
You hit the lindwurm but do no damage.
The lindwurm is moderately wounded.
You punch the lindwurm! You freeze the lindwurm.
The lindwurm is severely wounded.
The yak gores you.
The lindwurm bites you but does no damage.
The lindwurm claws you. x2
You hit the lindwurm. You freeze the lindwurm.
The lindwurm is severely wounded.
The yak misses you. The lindwurm breathes flames at you.
The blast of flame hits you!! The fire burns you terribly!
* * * LOW HITPOINT WARNING * * *
Aiming: Bolt of Light
Press: ? - help, Shift-Dir - straight line The bolt of light hits the lindwurm.
The lindwurm is almost dead.
The lindwurm is blinded.
The bolt of light hits the cane toad!
The cane toad is moderately wounded.
The cane toad is blinded.
The yak gores you.
* * * LOW HITPOINT WARNING * * *
The lindwurm bites you.
* * * LOW HITPOINT WARNING * * *
The lindwurm claws you.
* * * LOW HITPOINT WARNING * * *
The lindwurm barely misses you.
You catch the helpless lindwurm completely off-guard!
You hit the lindwurm but do no damage.
The lindwurm is almost dead.
The yak barely misses you. The lindwurm breathes flames at you.
The blast of flame hits you!!! The fire burns you terribly!
You die...

####......... ####+###.
#.##### ###.....# F
#.##.##+### ##.+#
#.........# ###Y.....
#####.........# ##.'......
#...+.........###YF#......
##.#..........'.Yk## .....
'..##.........##### .Y..
###.#.........# ... P#
##.........# .. ##
#..........# . #
##.........# # ###########


You could see a lindwurm (blind, catching breath), 2 yaks and a cane toad
(blind).

Vanquished Creatures
  2 boulder beetles (Lair:1)
  A two-headed ogre (D:8)
  3 death yaks (D:8)
  Pikel (D:7)
  6 elephants (Lair:1)
  A komodo dragon (Lair:1)
  A rime drake (Lair:1)
  A wraith (Ossuary)
  4 humans (D:6)
  6 yaks
  A steam dragon (D:8)
  Edmund (D:4)
  5 water moccasins
  Pargi (D:3)
  An ice beast (D:5)
  2 orc warriors
  2 sky beasts
  A black bear (D:6)
  An ogre (D:4)
  2 centaurs
  A phantom (D:4)
  5 kobold brigands
  A lemure (D:7)
  An elf zombie (Ossuary)
  A gnoll sergeant (D:8)
  A bullfrog (D:5)
  5 scorpions
  4 wights (D:8)
  A killer bee (D:8)
  2 howler monkeys
  2 jellies
  3 hounds
  Crazy Yiuf (D:2)
  An orc priest (D:7)
  A sleepcap (D:5)
  A gnoll bouda (D:6)
  An iguana (D:5)
  A hell rat (D:8)
  8 orc wizards
  3 mummies (Ossuary)
  3 gnolls (D:6)
  15 adders
  4 river rats
  A shadow imp (D:6)
  2 white imps
  An ufetubus (D:5)
  4 worms
  3 dart slugs
  22 orcs
  6 bats
  5 endoplasms
  4 giant cockroaches
  2 gnoll zombies (Ossuary)
  9 goblins
  9 hobgoblins
  2 jackals (D:2)
  5 quokkas
  16 ball pythons
  4 frilled lizards
  5 goblin zombies (Ossuary)
  3 hobgoblin zombies (Ossuary)
  21 kobolds
  14 rats
247 creatures vanquished.

Notes
Turn   | Place    | Note
-------+----------+-------------------------------------------
     0 | D:1      | hito the Draconian Transmuter began the quest for the Orb.
     0 | D:1      | Reached XP level 1. HP: 16/16 MP: 3/3
    86 | D:1      | Reached XP level 2. HP: 21/23 MP: 3/5
   128 | D:1      | Learned a level 2 spell: Wereblood
   466 | D:1      | Reached XP level 3. HP: 29/29 MP: 4/6
   470 | D:1      | Learned a level 3 spell: Spider Form
   903 | D:2      | Found a faded altar of an unknown god.
  1282 | D:2      | Found Qoshruj's Antique Weapon Emporium.
  1566 | D:2      | Found a runed translucent door.
  1567 | D:2      | Noticed Crazy Yiuf
  1575 | D:2      | Killed Crazy Yiuf
  1576 | D:2      | Reached skill level 3 in Transmutations
  1576 | D:2      | Reached skill level 1 in Poison Magic
  1576 | D:2      | Reached XP level 4. HP: 29/37 MP: 4/8
  1811 | D:3      | Noticed Pargi
  1832 | D:3      | Killed Pargi
  1833 | D:3      | Reached XP level 5. HP: 38/45 MP: 4/9
  1975 | D:3      | Found a glowing drain.
  1992 | Sewer    | Entered a sewer
  2001 | Sewer    | Reached skill level 4 in Transmutations
  2198 | Sewer    | Reached XP level 6. HP: 29/51 MP: 7/10
  2368 | Sewer    | Reached skill level 5 in Transmutations
  2654 | D:3      | Your scales start taking on a lurid green colour.
  2654 | D:3      | Reached XP level 7. HP: 52/57 MP: 11/11
  2654 | D:3      | Gained mutation: Your system is resistant to poisons.
                  | (rPois) [Green Draconian growth]
  2892 | D:3      | Reached skill level 6 in Transmutations
  2897 | D:3      | Reached skill level 9 in Transmutations
  2897 | D:3      | Reached XP level 8. HP: 75/75 MP: 12/12
  2903 | D:3      | Learned a level 4 spell: Ice Form
  3228 | D:4      | Reached skill level 1 in Ice Magic
  3315 | D:4      | Noticed Edmund
  3341 | D:4      | Killed Edmund
  3847 | D:5      | Entered Level 5 of the Dungeon
  3945 | D:5      | Found a sand-covered staircase.
  3959 | Ossuary  | Entered an ossuary
  4044 | Ossuary  | Identified the ring of Xom's Amusement {*Slow rF+ Str+6
                  | Dex+4}
  4494 | D:5      | Reached XP level 9. HP: 83/83 MP: 4/13
  4822 | D:5      | Reached skill level 10 in Transmutations
  6420 | D:7      | Reached skill level 5 in Dodging
  6581 | D:7      | Found a staircase to the Ecumenical Temple.
  6591 | Temple   | Entered the Ecumenical Temple
  6745 | Temple   | Became a worshipper of Cheibriados the Contemplative
  7020 | D:7      | Noticed Pikel
  7030 | D:7      | Killed Pikel
  7031 | D:7      | Reached XP level 10. HP: 91/91 MP: 10/16
  7177 | D:8      | Reached skill level 1 in Invocations
  7177 | D:8      | Reached skill level 1 in Evocations
  7473 | D:8      | Reached * piety under Cheibriados
  7483 | D:8      | Noticed a two-headed ogre
  7492 | D:8      | Killed a two-headed ogre
  7719 | D:8      | Noticed a death yak
  7720 | D:8      | Found a staircase to the Lair.
  7721 | D:8      | Noticed a death yak
  7730 | D:8      | Noticed a death yak
  7733 | D:8      | Killed a death yak
  7740 | D:8      | Killed a death yak
  7744 | D:8      | Killed a death yak
  7828 | D:8      | Reached XP level 11. HP: 78/96 MP: 12/17
  8506 | Lair:1   | Entered Level 1 of the Lair of Beasts
  8549 | Lair:1   | Noticed a boulder beetle
  8582 | Lair:1   | Killed a boulder beetle
  8741 | Lair:1   | Found a hide-covered altar of Uskayaw.
  8741 | Lair:1   | Found an ornate altar of the Wu Jian Council.
  8741 | Lair:1   | Noticed a boulder beetle
  8775 | Lair:1   | Killed a boulder beetle
  8910 | Lair:1   | Reached skill level 10 in Fighting
  8917 | Lair:1   | Reached ** piety under Cheibriados
  8928 | Lair:1   | Reached skill level 11 in Transmutations
  9287 | Lair:1   | Noticed a lindwurm
  9303 | Lair:1   | Killed from afar by a lindwurm

Illustrated notes

Levels and vault maps discovered:
D:1:      amcnicky_arrival_flooded_fountain, layout_basic
D:2:      layout_loops_ring, serial_shops, shop,
          hellmonk_ecumenical_altar_arch_garden, minmay_pentomino_p4,
          uniq_crazy_yiuf_cottage
D:3:      layout_basic, cheibrodos_sewer_entry_sluice, grunt_decor_one_mirror,
          uniq_pargi
D:4:      layout_basic, uniq_edmund
D:5:      layout_loops_ring, nicolae_ossuary_entry_monument,
          hangedman_decor_clover_reticule
D:6:      layout_gridville, grunt_ministairs_5, minmay_ruffians
D:7:      layout_basic, minmay_temple_entry_waves, uniq_pikel
D:8:      kennysheep_blocky_hall, layout_loops_ring, dpeg_lair_monsters,
          dk_noncrumbling_4, chequers_serial_rivers_small_a
Temple:   mainiacjoe_temple_trianglar_array
Lair:1:   layout_roguey, nzn_masters_of_martial_movement

Skill      XL: |  1  2  3  4  5  6  7  8  9 10 11 |
---------------+----------------------------------+-----
Fighting       | 2 3 8 9 10 | 10.6
Transmutations | 3 4 5 9 10 11 | 11.0
Poison Magic   | 1 2 3 |  3.6
Spellcasting   | 3 4 |  4.0
Unarmed Combat | 7 8 9 |  9.5
Ice Magic      | 2 |  2.0
Dodging        | 2 5 6 |  6.0
Invocations    | 4 |  4.0
Evocations     | 4 |  4.0

Action                     |  1- 3 |  4- 6 |  7- 9 | 10-12 || total
---------------------------+-------+-------+-------+-------++-------
  Melee: Unarmed           |   131 |   108 |   255 |   208 ||   702
         Kick              |    19 |     9 |     7 |       ||    35
         Headbutt          |    15 |     4 |     6 |       ||    25
         Tailslap          |    10 |     3 |     6 |       ||    19
         Punch             |     1 |     1 |     2 |     1 ||     5
   Cast: Beastly Appendage |    27 |     9 |     8 |     1 ||    45
         Spider Form       |     1 |     9 |     4 |       ||    14
         Wereblood         |     1 |     2 |     7 |     4 ||    14
         Ice Form          |       |       |    26 |    15 ||    41
Ability: Breathe Noxious F |       |       |    11 |    11 ||    22
  Evoke: Wand              |       |       |       |     3 ||     3
    Use: Scroll            |       |     8 |    10 |     3 ||    21
         Potion            |       |       |     1 |       ||     1
   Stab: Confused          |       |       |     5 |     8 ||    13
         Sleeping          |       |       |     2 |       ||     2
         Invisible         |       |       |       |     2 ||     2
 Armour: Skin              |    43 |    34 |    98 |    69 ||   244
  Dodge: Dodged            |    72 |    63 |   117 |   106 ||   358
